Map: Império Eterno LE

Players

LowLinK

  • Race: Protoss Protoss
  • League: Platinum
  • Spawn Location: 7:00

Saleni - Winner!

  • Race: Protoss Protoss
  • League: Diamond
  • Spawn Location: 1:00

VOD

Have the link to the VOD?

Description

Time

  • Played on: Feb. 14, 2020, 4:47 p.m.
  • Length: 9:19
Show
View Real Time Build Order
Export as new Build Order

LowLinK Protoss 

Build Orders:  

Get SALT Encoding   

  12  0:01  Probe  
  13  0:13  Probe  
  14  0:18  Pylon  
  14  0:25  Probe  
  15  0:37  Probe (Chrono Boost), Gateway  
  16  0:47  Assimilator  
  16  0:48  Probe (Chrono Boost)  
  17  0:53  Probe, Assimilator  
  18  1:05  Probe  
  19  1:16  Pylon  
  19  1:17  Probe  
  20  1:24  Cybernetics Core  
  20  1:30  Probe  
  21  1:43  Probe  
  22  1:55  Probe  
  22  1:58  Warp Gate (Chrono Boost)  
  23  2:01  Pylon  
  23  2:13  Gateway  
  23  2:15  Gateway  
  23  2:20  Robotics Facility  
  23  2:24  Gateway  
  23  2:30  Pylon  
  23  2:41  Sentry  
  25  3:05  Immortal (Chrono Boost)  
  31  3:35  Immortal (Chrono Boost)  
  35  3:45  Stalker x2  
  35  3:46  Stalker  
  39  3:51  Stalker  
  41  4:17  Stalker x3  
Show
View Real Time Build Order
Export as new Build Order

Saleni Protoss - Winner!

Build Orders:  

Get SALT Encoding   

  12  0:02  Probe  
  13  0:15  Probe  
  13  0:17  Pylon  
  14  0:28  Probe  
  15  0:36  Gateway  
  15  0:40  Probe  
  16  0:47  Assimilator  
  16  0:52  Probe  
  17  1:05  Probe (Chrono Boost)  
  18  1:17  Probe (Chrono Boost)  
  19  1:19  Pylon  
  19  1:22  Probe (Chrono Boost)  
  20  1:27  Cybernetics Core  
  20  1:31  Probe  
  21  1:40  Assimilator  
  21  1:44  Probe  
  21  1:46  Pylon  
  22  1:56  Probe  
  22  2:00  Gateway  
  23  2:04  Robotics Facility  
  23  2:08  Warp Gate (Chrono Boost)  
  23  2:11  Probe  
  24  2:21  Stalker  
  26  2:39  Gateway  
  26  2:48  Stalker  
  28  2:51  Immortal (Chrono Boost)  
  32  3:07  Pylon  
  32  3:12  Stalker  
  34  3:23  Stalker  
  36  3:30  Immortal (Chrono Boost)  
  40  3:51  Stalker x2  
  36  4:39  Immortal  
  29  5:19  Nexus  
  29  6:49  Pylon  
  29  7:13  Probe (Chrono Boost)  
  31  7:24  Probe (Chrono Boost)  
  31  7:39  Pylon  
  31  8:15  Immortal (Chrono Boost)  
  35  8:34  Probe  
  36  8:46  Probe  
Tags
 
Add a new tag
Caveats
  • Supply blocks, unpowered buildings, or Contaminate may cause inaccurate times.
  • Supply counts are checked every 10 seconds.